AoeStats
← CK.Leighton

Nomad

503200728Analyzed
2v2 RM · 2mo ago on Aug 30, 2026· 38m 20s· 4 players
Game mode
Random Map
Map size
176×176
Population
200
Speed
Normal
Resources
Standard
Victory
Conquest
Starting age
Dark Age
Ending age
Imperial Age
RankedLock teamsTeams togetherTeam positionsShared explorationLock speedFull tech treeHidden civsTurbo modeCheats
Victory
Defeat
🇨🇿 Bulgarians · Czechia
1077
+14
🇨🇿 Malay · Czechia
1069
+15
vs
🇹🇼 Japanese · Taiwan
1065
-16
🇺🇸 Koreans · United States
1013
-13
Spaceman Spiff
4:29 Loom
15:11 Feudal Age
16:15 Double-Bit Axe
15:57 Man-at-Arms
18:10 Arson
25:05 Castle Age
22:50 Horse Collar
23:07 Gold Mining
24:12 Scale Mail Armor
24:03 Fletching
24:18 Stone Mining
25:19 Forging
26:59 Pikeman
CK.Leighton
3:11 Loom
13:59 Feudal Age
20:50 Castle Age
20:22 Fletching
20:31 Gold Mining
23:01 Pikeman
24:40 Bodkin Arrow
25:31 Double-Bit Axe
25:19 Crossbowman
28:35 Guard Tower
33:16 Yasama
34:28 Scale Mail Armor
37:34 Ballistics
filipek
5:02 Loom
15:00 Feudal Age
15:15 Double-Bit Axe
17:31 Fletching
18:54 Horse Collar
22:28 Castle Age
20:05 Man-at-Arms
21:39 Arson
22:22 Long Swordsman
25:08 Forging
25:43 Bodkin Arrow
33:52 Town Watch
34:43 Wheelbarrow
39:20 Imperial Age
38:23 Bow Saw
Sky_Max
6:10 Loom
13:41 Feudal Age
17:37 Castle Age
17:51 Double-Bit Axe
18:35 Medium Warships
20:03 Fishing Lines
21:02 Fletching
21:32 Bow Saw
21:27 Town Watch
21:57 Stone Mining
27:35 Bodkin Arrow
31:18 Bloodlines
31:20 Murder Holes
32:31 Horse Collar
32:45 Gold Mining
33:40 Wheelbarrow
33:31 Masonry
34:00 Heavy Plow
Connection lost

Rejoining the realm…

Still unreachable

The connection could not be restored.

Session expired

The server has moved on; the page needs a fresh start.